 Dungeon Sprint DCSS version 0.28.0-53-g5a82cb258f (webtiles) character file.

Game seed: 4141176182916496582

154 Zeld the Changer (level 5, -6/45 HPs)
             Began as an Octopode Transmuter on June 7, 2022.
             Was an Initiate of Sif Muna.
             Killed from afar by an oklob sapling wizard (10 damage)
             ... with a magic dart
             ... in the Dungeon (Sprint IV: "Fedhas' Mad Dash").
             The game lasted 00:00:46 (1087 turns).

Zeld the Changer (Octopode Transmuter)              Turns: 1087, Time: 00:00:47

Health: -6/45      AC:  0    Str: 11    XL:     5   Next: 36%
Magic:  8/13       EV: 10    Int: 15    God:    Sif Muna [......]
Gold:   25         SH:  0    Dex: 13    Spells: 6/16 levels left

rFire   x . .      SeeInvis .     - Unarmed
rCold   + + +      Faith    .   (shield currently unavailable)
rNeg    . . .      Spirit   .   (helmet currently unavailable)
rPois   +          Reflect  .   e - amulet of invisibility {+Inv}
rElec   .          Harm     .   (no ring)
rCorr   .          Rampage  .   (no ring)
Will    .....      NoTele   +   (no ring)
Stlth   +.........              (no ring)
HPRegen 0.15/turn               (no ring)
MPRegen 0.13/turn               (no ring)
                                (no ring)
                                (no ring)

@: ice-form, corroded, very slightly contaminated, invisible (expiring)
A: freezing attack, boosted hp, almost no armour, amphibious, 8 rings, large,
(camouflage 1), (gelatinous body 1), (nimble swimmer 1), (tentacles)
a: End Transformation, Renounce Religion, Evoke Invisibility


You were in the Dungeon.
You worshipped Sif Muna.
Sif Muna was noncommittal.
You were a creature of crystalline ice.
You visited 1 branch You collected 25 gold pieces.

Inventory:

Jewellery
 e - the amulet of invisibility (around neck) {+Inv}
   (You found it in the Dungeon)

   [amulet of nothing]

   +Inv:      It lets you turn invisible.
Scrolls
 f - a scroll of blinking
 g - a scroll of torment {unknown}
Potions
 a - a potion of curing
 b - a potion of heal wounds
 c - 2 potions of haste
 d - 2 potions of magic


   Skills:
 + Level 4.3 Fighting
 - Level 2.0 Dodging
 - Level 3.0 Unarmed Combat
 * Level 6.0 Spellcasting
 * Level 6.5 Transmutations
 - Level 2.0 Ice Magic
 - Level 2.0 Poison Magic


You had 6 spell levels left.
You knew the following spells:

 Your Spells              Type           Power      Damage    Failure   Level
a - Beastly Appendage     Tmut           48%        N/A       1%          1
b - Wereblood             Tmut           24%        N/A       1%          2
c - Spider Form           Tmut/Pois      17%        N/A       8%          3
d - Ice Form              Ice/Tmut       17%        N/A       26%         4

Your spell library contained the following spells:

 Spells                   Type           Power      Damage    Failure   Level


Dungeon Overview and Level Annotations

Branches:
Dungeon (1/1)

Altars:
Cheibriados
Dithmenos
Elyvilon
Gozag
Hepliaklqana
Kikubaaqudgha
Makhleb
Nemelex Xobeh
Okawaru
Qazlal
Ru
Sif Muna
Trog
Uskayaw
Vehumet
Wu Jian
Xom
Yredelemnul
Zin
The Shining One
Beogh
Jiyva
Lugonu

Annotations:
D exclusion: oklob sapling


Innate Abilities, Weirdness & Mutations

You are a creature of crystalline ice.
You have a powerful freezing melee attack.
Your maximum health is increased.
Your armour is entirely melded.
You are incapable of wielding weapons or throwing items.
You cannot wear most types of armour.
You are amphibious.
You can wear up to eight rings at the same time.
((Your skin changes colour to match your surroundings (Stealth+).))
((Your rubbery body absorbs attacks. (AC +1, EV +1)))
((You are camouflaged when in or above water. (Stealth+)))
((You have tentacles for arms and can constrict up to eight enemies at once.))


Message History

An oklob sapling wizard comes into view.
Marking area around an oklob sapling wizard as unsafe for travelling.
Found a scroll labelled UMOLAXANGI and 2 potions of curing.
Casting: Ice Form (extremely dangerous; 26% risk of failure)
Confirm with . or Enter, or press ? or * to list all spells.
The spell is extremely dangerous to miscast (26% risk of failure)!
Continue anyway?
You turn into a creature of crystalline ice.
No reachable target in view!
There is an open door here.
No reachable target in view!
You catch the helpless oklob sapling wizard completely off-guard!
You hit the oklob sapling wizard. You freeze the oklob sapling wizard.
The oklob sapling wizard is moderately damaged.
The oklob sapling wizard spits acid at you.
The splash of acid misses you.
You hit the oklob sapling wizard but do no damage.
The oklob sapling wizard is moderately damaged.
The oklob sapling wizard casts a spell at you.
The magic dart hits you.
You hit the oklob sapling wizard. You freeze the oklob sapling wizard.
The oklob sapling wizard is moderately damaged.
The oklob sapling wizard spits acid at you.
The splash of acid hits you!!
Ouch! That really hurt!
The acid corrodes you!
You hit the oklob sapling wizard. You freeze the oklob sapling wizard.
The oklob sapling wizard is severely damaged.
Unknown command.
You hit the oklob sapling wizard but do no damage.
The oklob sapling wizard is severely damaged.
You flicker for a moment.
The oklob sapling wizard spits acid at you.
The splash of acid hits you!
* * * LOW HITPOINT WARNING * * *
The acid corrodes you!
You hit the oklob sapling wizard but do no damage.
The oklob sapling wizard is severely damaged.
The oklob sapling wizard stares at you and mumbles some strange words.
The magic dart hits you!
You die...

###################
.#.⌠._._._._.⌠.#.?+
.'.._._._._._..'YP#
.#..._._._._...#..#
##.._._._._._..#.!#
#._._._._._.⌠.####
###############


You could see an oklob sapling wizard.

Vanquished Creatures
  A scorpion (D)
  2 oklob saplings (D)
  A river rat (D)
  A rat (D)
5 creatures vanquished.

Notes
Turn   | Place    | Note
-------+----------+-------------------------------------------
     0 | D        | Zeld the Octopode Transmuter began the quest for the Orb.
     0 | D        | Reached XP level 1. HP: 13/13 MP: 3/3
    10 | D        | Reached skill level 1 in Ice Magic
    10 | D        | Reached skill level 1 in Poison Magic
    10 | D        | Reached XP level 2. HP: 12/19 MP: 2/5
    18 | D        | Learned a level 2 spell: Wereblood
   277 | D        | Noticed an oklob sapling
   280 | D        | Killed an oklob sapling
   281 | D        | Reached XP level 3. HP: 25/25 MP: 4/8
   282 | D        | Noticed a scorpion
   282 | D        | Found the amulet of invisibility {+Inv}
   287 | D        | Killed a scorpion
   288 | D        | Reached skill level 5 in Spellcasting
   288 | D        | Reached skill level 5 in Transmutations
   288 | D        | Reached XP level 4. HP: 32/32 MP: 6/11
   431 | D        | Learned a level 3 spell: Spider Form
   436 | D        | Learned a level 4 spell: Ice Form
   545 | D        | Found an opulent altar of Gozag.
   545 | D        | Found a hazy altar of Hepliaklqana.
   545 | D        | Found a burning altar of Makhleb.
   545 | D        | Found a sparkling altar of Nemelex Xobeh.
   545 | D        | Found a snail-covered altar of Cheibriados.
   545 | D        | Found a sacrificial altar of Ru.
   545 | D        | Found a shimmering blue altar of Sif Muna.
   545 | D        | Found a shimmering altar of Xom.
   545 | D        | Found a basalt altar of Yredelemnul.
   546 | D        | Found a viscous altar of Jiyva.
   546 | D        | Found a bloodstained altar of Trog.
   546 | D        | Found an ornate altar of the Wu Jian Council.
   546 | D        | Noticed an oklob sapling priest
   547 | D        | Found an iron altar of Okawaru.
   547 | D        | Found a shadowy altar of Dithmenos.
   547 | D        | Found a glowing silver altar of Zin.
   548 | D        | Found an ancient bone altar of Kikubaaqudgha.
   548 | D        | Found a hide-covered altar of Uskayaw.
   549 | D        | Found a stormy altar of Qazlal.
   549 | D        | Found a glowing golden altar of the Shining One.
   549 | D        | Found a white marble altar of Elyvilon.
   550 | D        | Found a radiant altar of Vehumet.
   550 | D        | Found a corrupted altar of Lugonu.
   552 | D        | Became a worshipper of Sif Muna the Loreminder
   560 | D        | Killed an oklob sapling priest
   561 | D        | Reached XP level 5. HP: 14/38 MP: 7/13
  1087 | D        | Killed from afar by an oklob sapling wizard

Illustrated notes

Levels and vault maps discovered:
D:        dungeon_sprint_fedhas [sprint_temple]

Skill      XL: |  1  2  3  4 |
---------------+-------------+-----
Transmutations | 3 4 5 6 |  6.5
Ice Magic      | 1 2 |  2.0
Poison Magic   | 1 2 |  2.0
Fighting       | 2 3 4 |  4.3
Spellcasting   | 3 5 6 |  6.0
Dodging        | |  2.0
Unarmed Combat | |  3.0

Action                   |  1- 3 |  4- 6 || total
-------------------------+-------+-------++-------
Melee: Unarmed           |    12 |    12 ||    24
       Kick              |     3 |       ||     3
       Tentacles         |     1 |       ||     1
       Constrict         |     2 |       ||     2
 Cast: Beastly Appendage |     2 |       ||     2
       Ice Form          |       |     2 ||     2
 Abil: Evoke Invisibilit |       |     2 ||     2
  Use: Potion            |     1 |       ||     1
 Stab: Invisible         |       |     3 ||     3
       Sleeping          |       |     1 ||     1
Dodge: Dodged            |     5 |     1 ||     6
